[Event "50th La Roda Open 2024"]
[Site "La Roda"]
[Date "2024.03.29"]
[Round "4.9"]
[White "Jarque Megias, Juan Jose"]
[Black "Pranav Vijay"]
[Result "1-0"]
[ECO "C56"]
[WhiteElo "2048"]
[BlackElo "2252"]
[Annotator "RC"]
[PlyCount "85"]
[EventDate "2024.03.27"]
[EventType "swiss"]
[EventCountry "ESP"]
[SourceTitle "playchess.com"]
[Source "ChessBase"]
[SourceQuality "1"]
[TimeControl "5400+30"]

1. e4 e5 2. Nf3 Nc6 3. d4 exd4 4. Bc4 Nf6 5. e5 d5 6. Bb5 Ne4 7. Nxd4 Bd7 8. Bxc6 bxc6 9. O-O Bc5 10. f3 Ng5 11. Be3 Bb6 12. a4 a5 13. c3 O-O 14. f4 Ne4 15. Nd2 Nxd2 16. Qxd2 Re8 17. Rfe1 Qe7 18. Qf2 Rab8 19. h3 h5 20. Re2 c5 21. Nb3 c4 22. Nd4 c5 23. Nb5 Bxb5 24. axb5 Rbd8 25. Rd1 d4 26. Bd2 f5 27. Qf3 Qf7 28. Be1 Rd7 29. Bh4 Re6 30. Rde1 Qe8 31. g4 Rf7 32. Rg2 hxg4 33. hxg4 Qd7 34. gxf5 Rxf5 35. Qg4 Qf7 36. Bg5 Qg6 37. Qf3 Qe8 38. Qd5 Qf7 39. Rh2 Re8 40. Qh1 Rxg5+ 41. fxg5 Qe6 42. Rh8+ Kf7 43. Qh5+ 1-0

[Event "50th La Roda Open 2024"]
[Site "La Roda"]
[Date "2024.03.29"]
[Round "4.10"]
[White "Albornoz Cabrera, Carlos Daniel"]
[Black "Jarzebowski, Kacper"]
[Result "1-0"]
[ECO "C65"]
[WhiteElo "2603"]
[BlackElo "2139"]
[Annotator "TA"]
[PlyCount "51"]
[EventDate "2024.03.27"]
[EventType "swiss"]
[EventCountry "ESP"]
[SourceTitle "playchess.com"]
[Source "ChessBase"]
[SourceQuality "1"]
[TimeControl "5400+30"]

1. e4 e5 2. Nf3 Nc6 3. Bb5 Nf6 4. d3 Bc5 5. c3 O-O 6. O-O d6 7. Nbd2 Ne7 8. d4 exd4 9. cxd4 Bb6 {[%emt 0:00:08] Die Stellung ist ausgeglichen.} 10. a4 a6 11. Bd3 Nc6 12. a5 Ba7 ({Günstiger ist} 12... Bxd4 $15 13. Nxd4 Nxd4) 13. d5 $11 Ne5 (13... Nb4 $11 14. Bb1 b6) 14. Nxe5 $14 dxe5 15. Nc4 $36 {[%emt 0:05:37][%mdl 2048] Weiss kämpft um Vorteil.} Ng4 {[%emt 0:11:07] Und ...Qh4 würde nun gewinnen.} 16. h3 Nxf2 (16... Nf6 $16) 17. Rxf2 $18 Bxf2+ 18. Kxf2 Qh4+ {[%emt 0:00:23] [#]} 19. Kg1 $1 Bxh3 (19... f5 $16 {ist wohl besser.} 20. Be3 (20. Nxe5 Qg3 $16) 20... fxe4) 20. Qf3 $2 (20. gxh3 $18 {ist der präzise Gewinnweg.} Qg3+ 21. Kf1) 20... f5 $2 {[%emt 0:18:20][%mdl 8192] Das Aus für Schwarz.} 21. Qxh3 Qe1+ {[%emt 0:00:16] [#]} 22. Kh2 $1 fxe4 23. Bg5 Qxa1 24. Bxe4 {[%emt 0:00:05] Das Läuferpaar ist gut.} h6 25. Qe6+ Rf7 26. Nxe5 {[%emt 0:00:37] Gewichteter Fehlerwert: Weiß=0.24 (präzise) /Schwarz=0.93.  Verlustzug:     	---       	Schwarz=1     Gewinn verpasst:   	Weiß=1     	---        Fehler:       	---       	Schwarz=4     Ungenau:       	Weiß=2     	---        OK:         	Weiß=3     	Schwarz=3     Bester:       	Weiß=2     	Schwarz=1     Stark:        	Weiß=1     	---} (26. Bg6 $142 Qf1 27. Nd2 (27. Bxf7+ Qxf7 28. Qxf7+ Kxf7 $11) (27. Nxe5 Raf8 $18)) 1-0

[Event "50th La Roda Open 2024"]
[Site "La Roda"]
[Date "2024.03.29"]
[Round "4.11"]
[White "Admiraal, Miguoel"]
[Black "Campayo Hernandez, Juan"]
[Result "1-0"]
[ECO "D00"]
[WhiteElo "2471"]
[BlackElo "2071"]
[Annotator "TA"]
[PlyCount "79"]
[EventDate "2024.03.27"]
[EventType "swiss"]
[EventCountry "ESP"]
[SourceTitle "playchess.com"]
[Source "ChessBase"]
[SourceQuality "1"]
[TimeControl "5400+30"]

1. d4 d5 2. Bf4 Nf6 3. e3 c5 4. Nc3 Bg4 5. f3 Bd7 6. dxc5 e5 7. Bxe5 $16 Bxc5 8. Nxd5 {[%emt 0:12:48] White is better.} Nxd5 9. Qxd5 Qh4+ 10. g3 Qb4+ (10... Qe7 $16 11. O-O-O (11. Qxb7 $2 Qxe5 12. Qxa8 Bc6 $19) (11. Bxg7 Qxe3+ 12. Kd1 Rg8 $16) 11... Bc6) 11. Bc3 $18 Qb6 12. Bd4 Qb4+ 13. Kf2 Qd2+ 14. Ne2 Be7 (14... Bxd4 {keeps fighting.} 15. Qxd4 Qxd4 16. exd4 (16. Nxd4 Nc6 $18) 16... h5) 15. Qxb7 Bc6 16. Qb3 Qa5 (16... O-O $142 17. Qc3 Qxc3 18. Bxc3 (18. Nxc3 a5 $18) 18... g6) 17. Bxg7 Rg8 18. Bc3 Qh5 19. Nd4 Rxg3 20. hxg3 (20. Kxg3 $2 {is a self mate.} Bh4+ 21. Kh3 Be1+ 22. Kg2 Qg4#) 20... Qxh1 21. Nxc6 Qh2+ 22. Bg2 {[%emt 0:00:07] [#] White threatens Qb7 and mate.} Bd6 23. Ne5 Bxe5 24. Bxe5 {[%emt 0:00:07][%cal Oa1d1] White wants to mate with Rd1!} Nd7 25. Rh1 Qxh1 26. Bxh1 {[%emt 0:00:01] White mates.} Nxe5 27. Qd5 Rc8 28. Qxe5+ Kd7 {[%emt 0:07:25] [#]} 29. c4 $1 Rc6 (29... Re8 30. Qf6) 30. f4 Rd6 31. Bd5 f6 32. Qf5+ Kc7 33. c5 Rd7 34. Qe6 h5 35. b4 f5 36. b5 Rh7 37. Qd6+ Kc8 38. Be6+ Kb7 39. Qc6+ Kb8 40. Qc8# {[%emt 0:00:03] Black did not feel at home in the position after the opening.   Weighted Error Value: White=0.28 (precise) /Black=0.93.  Mistake:       	---       	Black=4      OK:         	White=5     	Black=3      Best:        	White=1     	Black=1} 1-0

[Event "50th La Roda Open 2024"]
[Site "La Roda"]
[Date "2024.03.29"]
[Round "4.12"]
[White "Ramiro Ovejero, Juan Luis"]
[Black "Ruiz Vazquez, Javier"]
[Result "1/2-1/2"]
[ECO "D03"]
[WhiteElo "2316"]
[BlackElo "2050"]
[Annotator "RC"]
[PlyCount "131"]
[EventDate "2024.03.27"]
[EventType "swiss"]
[EventCountry "ESP"]
[SourceTitle "playchess.com"]
[Source "ChessBase"]
[SourceQuality "1"]
[TimeControl "5400+30"]

1. d4 Nf6 2. Nf3 e6 3. Bg5 d5 4. Nbd2 Be7 5. e3 O-O 6. Bd3 Nbd7 7. c3 Re8 8. Qe2 c5 9. Ne5 Nxe5 10. dxe5 Nd7 11. Bxe7 Qxe7 12. f4 f6 13. exf6 Nxf6 14. Nf3 Bd7 15. Ne5 Bc6 16. O-O c4 17. Bc2 Qc5 18. Rad1 Re7 19. Kh1 Rf8 20. Rd4 Be8 21. e4 b5 22. Qd2 a5 23. a3 Rb7 24. Re1 b4 25. axb4 axb4 26. exd5 exd5 27. Bf5 bxc3 28. bxc3 Re7 29. g3 Bf7 30. Nxf7 Kxf7 31. Rxe7+ Qxe7 32. Rxd5 Nxd5 33. Qxd5+ Kf6 34. Be4 g6 35. Qd4+ Kf7 36. Bd5+ Ke8 37. Bc6+ Kf7 38. Bd5+ Ke8 39. Qxc4 Kd8 40. Kg2 g5 41. Be6 Qb7+ 42. Kh3 gxf4 43. Qd4+ Ke8 44. Qe5 Kd8 45. Qd4+ Ke8 46. Qe5 Kd8 47. Qg5+ Ke8 48. Qh5+ Kd8 49. gxf4 Qe4 50. Qa5+ Ke8 51. Qb5+ Ke7 52. Qc5+ Ke8 53. Qh5+ Ke7 54. f5 Qe3+ 55. Kg2 Qd2+ 56. Kf1 Qf4+ 57. Ke2 Qe5+ 58. Kd1 Rd8+ 59. Kc2 Qe4+ 60. Kb2 Qg2+ 61. Kb3 Rb8+ 62. Kc4 Qe4+ 63. Kc5 Qe5+ 64. Kc4 Qe4+ 65. Kc5 Qe5+ 66. Kc4 1/2-1/2

[Event "50th La Roda Open 2024"]
[Site "La Roda"]
[Date "2024.03.29"]
[Round "4.13"]
[White "Collado Alcolado, Angel"]
[Black "Lopez Mijail, Nicolas"]
[Result "1/2-1/2"]
[ECO "D01"]
[WhiteElo "2039"]
[BlackElo "2231"]
[Annotator "RC"]
[PlyCount "54"]
[EventDate "2024.03.27"]
[EventType "swiss"]
[EventCountry "ESP"]
[SourceTitle "playchess.com"]
[Source "ChessBase"]
[SourceQuality "1"]
[TimeControl "5400+30"]

1. d4 Nf6 2. Nc3 d5 3. Bg5 h6 4. Bh4 e6 5. Nf3 Be7 6. Bxf6 Bxf6 7. e4 O-O 8. Qd2 c5 9. e5 cxd4 10. Qxd4 Nc6 11. Qf4 Qc7 12. Nb5 Qb8 13. O-O-O Nxe5 14. Qg3 a6 15. Nbd4 Nxf3 16. Qxf3 b5 17. h4 Qb6 18. Ne2 Bb7 19. Ng3 Rfe8 20. Nh5 e5 21. Rh3 e4 22. Nxf6+ Qxf6 23. Qxf6 gxf6 24. Rd4 Kf8 25. a4 Bc6 26. Rc3 Rec8 27. g3 bxa4 1/2-1/2

[Event "50th La Roda Open 2024"]
[Site "La Roda"]
[Date "2024.03.29"]
[Round "4.14"]
[White "Ruano Azua, Jonathan"]
[Black "Cruz Lledo, Pablo"]
[Result "0-1"]
[ECO "B01"]
[WhiteElo "1977"]
[BlackElo "2353"]
[Annotator "RC"]
[PlyCount "22"]
[EventDate "2024.03.27"]
[EventType "swiss"]
[EventCountry "ESP"]
[SourceTitle "playchess.com"]
[Source "ChessBase"]
[SourceQuality "1"]
[TimeControl "5400+30"]

1. e4 d5 2. exd5 Qxd5 3. Nc3 Qd6 4. d4 Nf6 5. Nf3 g6 6. h3 Bg7 7. Be3 O-O 8. Qd2 a6 9. g4 b5 10. a3 Bb7 11. Bf4 Qe6+ 0-1

[Event "50th La Roda Open 2024"]
[Site "La Roda"]
[Date "2024.03.29"]
[Round "4.15"]
[White "Martinez Herranz, Francisco Jose"]
[Black "Gomez Falagan, Daniel"]
[Result "0-1"]
[ECO "C02"]
[WhiteElo "1967"]
[BlackElo "2319"]
[Annotator "RC"]
[PlyCount "84"]
[EventDate "2024.03.27"]
[EventType "swiss"]
[EventCountry "ESP"]
[SourceTitle "playchess.com"]
[Source "ChessBase"]
[SourceQuality "1"]
[TimeControl "5400+30"]

1. e4 e6 2. d4 d5 3. e5 c5 4. c3 Qb6 5. Nf3 Nc6 6. Bd3 cxd4 7. O-O Bd7 8. Re1 Nge7 9. h4 Rc8 10. Nbd2 dxc3 11. bxc3 Na5 12. Rb1 Qc7 13. Ng5 h6 14. Nxf7 Kxf7 15. Ba3 Nf5 16. Bxf5 exf5 17. e6+ Bxe6 18. Bxf8 Rhxf8 19. Qh5+ g6 20. Qxh6 Rh8 21. Qe3 Rce8 22. Nf3 Bc8 23. Ng5+ Kg7 24. Qd4+ Kh6 25. Qxd5 Rhf8 26. Rxe8 Rxe8 27. Nf7+ Kg7 28. Nd6 Rd8 29. Rd1 Kh7 30. h5 Nc4 31. hxg6+ Kxg6 32. Rd3 Qxd6 33. Rg3+ Kf6 34. Qxc4 Qd1+ 35. Kh2 Rh8+ 36. Rh3 Rxh3+ 37. gxh3 Qd6+ 38. Kg1 Bd7 39. Qh4+ Ke6 40. Qc4+ Qd5 41. Qe2+ Qe4 42. Qh5 Qe1+ 0-1

[Event "50th La Roda Open 2024"]
[Site "La Roda"]
[Date "2024.03.29"]
[Round "4.16"]
[White "Calvo Gutierrez, Hector"]
[Black "Alfaya Marcelo, Roberto"]
[Result "0-1"]
[ECO "E14"]
[WhiteElo "1951"]
[BlackElo "2311"]
[Annotator "RC"]
[PlyCount "156"]
[EventDate "2024.03.27"]
[EventType "swiss"]
[EventCountry "ESP"]
[SourceTitle "playchess.com"]
[Source "ChessBase"]
[SourceQuality "1"]
[TimeControl "5400+30"]

1. d4 d5 2. c4 e6 3. Nf3 Nf6 4. Nc3 a6 5. e3 b6 6. Bd3 Bb7 7. cxd5 exd5 8. O-O Bd6 9. b3 Nbd7 10. Bb2 O-O 11. Rc1 Ne4 12. Ne2 Qe7 13. Ng3 f5 14. Re1 g6 15. Qc2 Rf7 16. Nf1 g5 17. Re2 g4 18. Ne1 Rg7 19. f3 gxf3 20. Nxf3 Rf8 21. Rce1 Rg6 22. Bc3 Rf7 23. Qb2 Rh6 24. Rb1 Rg7 25. b4 Qe8 26. Be1 Ndf6 27. b5 a5 28. Rc1 Ng4 29. g3 Rh3 30. Rg2 Qh5 31. Nh4 Bc8 32. Qe2 Bd7 33. a4 Kf8 34. Bc2 Ke8 35. Bb3 Be6 36. Qa2 Ngf6 37. Bd1 Qh6 38. Qe2 Ng4 39. Bc2 Kd8 40. Bd3 Nxh2 41. Bxe4 Nxf1 42. Qxf1 fxe4 43. Rcc2 Qxe3+ 44. Bf2 Qh6 45. Be1 Rxh4 46. gxh4 Bh3 47. Bd2 e3 48. Be1 Bxg2 49. Rxg2 Rxg2+ 50. Kxg2 Qf4 51. Qd3 Qe4+ 52. Qxe4 dxe4 53. h5 Kd7 54. Bh4 Ke6 55. Kf1 Kd5 56. Bf6 Kc4 57. Ke2 Bf4 58. Bg7 Kd5 59. Bf6 Kc4 60. Bg7 Kb4 61. Be5 Bxe5 62. dxe5 Kc5 63. Kxe3 Kd5 64. e6 Kxe6 65. Kxe4 h6 66. Kd4 Kd6 67. Ke4 c6 68. bxc6 Kxc6 69. Kf5 b5 70. axb5+ Kxb5 71. Kg6 a4 72. Kxh6 a3 73. Kh7 a2 74. h6 a1=Q 75. Kg8 Qg1+ 76. Kh8 Qd4+ 77. Kg8 Qd8+ 78. Kg7 Qg5+ 0-1

[Event "50th La Roda Open 2024"]
[Site "La Roda"]
[Date "2024.03.29"]
[Round "5.1"]
[White "Peralta, Fernando"]
[Black "Aravindh, Chithambaram VR."]
[Result "0-1"]
[ECO "D35"]
[WhiteElo "2580"]
[BlackElo "2662"]
[Annotator "TA"]
[PlyCount "108"]
[EventDate "2024.03.27"]
[EventType "swiss"]
[EventCountry "ESP"]
[SourceTitle "playchess.com"]
[Source "ChessBase"]
[SourceQuality "1"]
[TimeControl "5400+30"]

1. d4 Nf6 2. c4 e6 3. Nc3 d5 4. cxd5 exd5 5. Bg5 c6 6. e3 Bd6 7. Bd3 O-O 8. Nf3 Re8 9. Qc2 h6 10. Bh4 Be6 11. Ne5 c5 12. O-O Nc6 {[%emt 0:05:33] The position is equal.} 13. Nxc6 bxc6 14. Bg3 Bxg3 15. hxg3 cxd4 16. exd4 Ng4 17. Qd2 h5 18. Be2 Qf6 19. Bxg4 hxg4 20. Rfe1 g6 21. Re5 Kg7 22. Rae1 Rh8 23. Qf4 Bf5 (23... Rh6 {simplifies} 24. Qxf6+ Kxf6 25. R5e3 Rah8) 24. Nd1 Rh5 25. Ne3 (25. f3 {simplifies} Be6 26. Qxf6+ Kxf6 27. Rxh5 gxh5 28. Kf2) 25... Rah8 $40 {[%emt 0:00:00][%csl Gh8][%cal Rh5h1][%mdl 128] Black is up to no good.} 26. Nxf5+ $2 (26. f3 $1 $11 {and White is okay.}) 26... Qxf5 $19 ({Inferior is} 26... gxf5 27. f3 $11) 27. f3 Qxf4 28. gxf4 g3 29. Rxh5 gxh5 {[%emt 0:00:00][%mdl 4096] Endgame. KR-KR} 30. Kf1 h4 31. Rc1 (31. Re5 {was necessary.}) 31... Rb8 32. b3 Rb6 33. Ke2 Kg6 34. Rh1 Kh5 35. Kd3 (35. Rb1 $142) 35... Ra6 36. a4 Rb6 37. Kc3 Rb8 (37... a5 $1 $19 38. Re1 h3 39. Re5+ Kh6 (39... Kh4 $2 40. Re8 $18) 40. gxh3 f6) 38. a5 $2 (38. b4 $17 {nothing else works.}) 38... Rb5 39. b4 Rb8 40. Rh3 Rh8 41. Kd2 Kg6 42. Ke3 Kf5 (42... Rh5 $142 43. Ke2 Kf5) 43. Rh1 Kf6 (43... h3 $142 44. Rxh3 Rxh3 45. gxh3 a6) 44. Rh3 Kg6 45. Kd3 Kf6 46. Ke3 Ke6 47. Rh1 f6 $2 (47... Kf5 $19 {[%cal Oh4h3] is more deadly. Threatens to win with ...h3!} 48. Rh3 Rh6) 48. Rh3 $17 Rh5 49. Ke2 Rh6 50. Ke3 Rh7 51. Kd3 f5 ({Black should try} 51... Kf5 $17 52. Ke3 Rb7 53. Rxh4 Rxb4 54. Rh5+ Kg6) 52. Ke3 Kd6 {[%emt 0:00:07] aiming for ...Kc7.} 53. Rh1 $2 {[%emt 0:00:25] [#]} (53. Kd3 $15) 53... Kc7 $1 $19 54. Kd3 {[%emt 0:00:31] [#]} Kb7 $1 {[%emt 0:00:03] Weighted Error Value: White=0.50/Black=0.39.  Loses game:     	White=3     	---        Missed win:     	---       	Black=2      Mistake:       	White=2     	Black=2      Inaccurate:     	White=3     	Black=1      OK:         	White=14    	Black=16     Best:        	White=3     	Black=3      Strong:       	---       	Black=2} 0-1

[Event "50th La Roda Open 2024"]
[Site "La Roda"]
[Date "2024.03.29"]
[Round "5.2"]
[White "Xu, Xiangyu"]
[Black "Siddharth, Jagadeesh"]
[Result "1/2-1/2"]
[ECO "A45"]
[WhiteElo "2623"]
[BlackElo "2490"]
[Annotator "TA"]
[PlyCount "30"]
[EventDate "2024.03.27"]
[EventType "swiss"]
[EventCountry "ESP"]
[SourceTitle "playchess.com"]
[Source "ChessBase"]
[SourceQuality "1"]
[TimeControl "5400+30"]

1. d4 Nf6 2. Bg5 c5 3. Bxf6 gxf6 4. d5 Qb6 5. Qc1 f5 6. g3 d6 7. Bg2 Nd7 8. Nd2 Nf6 9. e3 Qa6 10. Ne2 b5 11. O-O Bb7 (11... Rb8 $11) 12. c4 $14 bxc4 13. Nc3 (13. Qxc4 Qxc4 14. Nxc4 Bxd5 15. Bxd5 Nxd5 $15) (13. Nxc4 Bxd5 14. Bxd5 Nxd5 $17) (13. Nf4 $14) 13... Bg7 $11 14. Qc2 O-O ({Better is} 14... e6 $11) 15. b3 (15. Qxf5 $14 Bc8 16. Qc2 (16. Qf4 Ng4 $11)) 15... Ne4 {[%emt 0:06:06] Weighted Error Value: White=0.18 (very precise) /Black=0.21 (precise) .  Mistake:       	White=2     	Black=2      OK:         	White=2     	Black=6} 1/2-1/2

[Event "50th La Roda Open 2024"]
[Site "La Roda"]
[Date "2024.03.29"]
[Round "5.3"]
[White "Sonis, Francesco"]
[Black "Karthik Venkataraman"]
[Result "1-0"]
[ECO "A30"]
[WhiteElo "2562"]
[BlackElo "2609"]
[Annotator "TA"]
[PlyCount "149"]
[EventDate "2024.03.27"]
[EventType "swiss"]
[EventCountry "ESP"]
[SourceTitle "playchess.com"]
[Source "ChessBase"]
[SourceQuality "1"]
[TimeControl "5400+30"]

1. Nf3 Nf6 2. c4 b6 3. g3 c5 4. Bg2 Bb7 5. O-O e6 6. Nc3 Be7 7. Re1 d6 8. e4 Nc6 9. d4 e5 10. dxe5 dxe5 11. Nd5 O-O 12. Bg5 Re8 13. Qa4 Nd7 14. Nxe7+ Nxe7 15. Rad1 Bc6 16. Qc2 Qc7 17. Nd2 Nf8 18. Nb1 Ne6 19. Be3 Nd4 20. Qc1 Qc8 21. Nc3 Bd7 22. f3 Qb7 23. Rd2 Rac8 24. Qd1 h6 25. f4 Rcd8 26. f5 Qc6 27. Qh5 Bc8 28. g4 Rd6 29. Rf2 Ba6 30. Bf1 Red8 31. g5 hxg5 32. Bxg5 f6 33. Bh6 Qe8 34. Qg4 Qf7 35. Rg2 Kf8 36. Bxg7+ Ke8 37. b3 Kd7 38. h4 Rg8 39. h5 Nf3+ 40. Qxf3 Rxg7 41. Rg6 Rh7 (41... Nxg6 42. fxg6 Qg8 43. Rd1 $18) 42. Nd5 Qf8 43. Rd1 Nxd5 44. exd5 Kc7 45. Be2 Bc8 46. Kf2 Rdd7 47. Rdg1 Rdf7 $2 (47... Rh8 48. Qe4 Rdh7 49. d6+ Qxd6) 48. Rg8 $18 Qd6 49. Qe4 Bd7 50. R1g6 Qe7 (50... Rf8 $142 51. R8g7 Rxg7) 51. Ra8 $18 Kd6 52. Rxa7 (52. Rgg8 $142 Bb5 53. cxb5) 52... Qd8 $18 53. Rb7 Rf8 54. Bf3 Rhf7 55. b4 Bc8 56. Rxf7 Rxf7 57. Qb1 Qc7 58. Be4 Qa7 59. bxc5+ Kxc5 60. Qb5+ Kd4 61. Bb1 (61. Rg4 $142 Rg7 62. Qb2+ Kc5 63. Rxg7 Qxg7 64. Qa3+ Kd4 65. Qe3+ Kxc4 66. Bd3+ (66. Qxb6 Qg4 $18) (66. Qb3+ Kc5 $18) 66... Kxd5 67. Be4+ (67. Qxb6 Bd7 $18) 67... Kc4 68. Qb3+ (68. Qxb6 Qg4 $18) 68... Kc5 69. Qc3+ Kd6 70. Qa3+ (70. Qxc8 Qh6 $18) 70... Kc7 71. Qa7+ Kd6 72. Qxg7) 61... e4 $18 62. d6 Qa5 63. Qxa5 bxa5 64. h6 Rb7 (64... Rh7 $142 65. c5 (65. Rxf6 Ke5 $18) 65... Kxc5) 65. Bxe4 $18 Kxe4 66. Rg7 ({Not} 66. Rxf6 Bxf5 67. c5 Ke5 $11) 66... Rb2+ 67. Kg3 Bxf5 68. Re7+ Kd4 69. d7 Bxd7 70. Rxd7+ Kxc4 71. h7 Rb8 72. Kf4 a4 73. Rd2 Rh8 74. Rh2 Kb4 75. Rh3 1-0

[Event "50th La Roda Open 2024"]
[Site "La Roda"]
[Date "2024.03.29"]
[Round "5.4"]
[White "Iturrizaga Bonelli, Eduardo"]
[Black "Ponce Navalon, Jose"]
[Result "1-0"]
[ECO "E11"]
[WhiteElo "2588"]
[BlackElo "2141"]
[Annotator "RC"]
[PlyCount "79"]
[EventDate "2024.03.27"]
[EventType "swiss"]
[EventCountry "ESP"]
[SourceTitle "playchess.com"]
[Source "ChessBase"]
[SourceQuality "1"]
[TimeControl "5400+30"]

1. c4 e6 2. Nf3 d5 3. d4 Nf6 4. g3 Bb4+ 5. Bd2 a5 6. Bg2 O-O 7. Qc2 Nc6 8. O-O dxc4 9. Qxc4 Qd5 10. Rc1 Qxc4 11. Rxc4 Nd5 12. a3 Bd6 13. Rc2 Nb6 14. Bc3 a4 15. Nbd2 Na5 16. Ne5 Nb3 17. Nxb3 axb3 18. Rcc1 Na4 19. Nd3 Ra6 20. e3 Ra7 21. Bb4 Bd7 22. Nc5 Bxc5 23. Bxc5 Nxc5 24. Rxc5 b6 25. Rc3 Ba4 26. Rac1 Rc8 27. Bc6 b5 28. Rc5 Rb8 29. Bf3 b4 30. axb4 Rxb4 31. Rxc7 Rxc7 32. Rxc7 Kf8 33. Kf1 Bb5+ 34. Be2 Be8 35. Ra7 f6 36. Ra5 Ke7 37. Ke1 f5 38. Kd2 g5 39. Kc3 Rb6 40. Bc4 1-0

[Event "50th La Roda Open 2024"]
[Site "La Roda"]
[Date "2024.03.29"]
[Round "5.5"]
[White "Admiraal, Miguoel"]
[Black "Albornoz Cabrera, Carlos Daniel"]
[Result "1/2-1/2"]
[ECO "B22"]
[WhiteElo "2471"]
[BlackElo "2603"]
[Annotator "TA"]
[PlyCount "61"]
[EventDate "2024.03.27"]
[EventType "swiss"]
[EventCountry "ESP"]
[SourceTitle "playchess.com"]
[Source "ChessBase"]
[SourceQuality "1"]
[TimeControl "5400+30"]

1. e4 c5 2. c3 Nf6 3. e5 Nd5 4. d4 cxd4 5. Nf3 d6 6. cxd4 Nc6 7. Bc4 dxe5 8. dxe5 Be6 9. Qe2 {[%emt 0:17:30] Dodges Ne3} g6 10. Ng5 Bg7 11. Nxe6 fxe6 12. O-O Qa5 {[%emt 0:03:38] Prevents Nc3.} 13. Nd2 Nf4 {[%emt 0:29:35] Excellent horsemanship.} 14. Qg4 Rf8 15. Nf3 (15. Bxe6 $2 {loses.} Nxe5 (15... Bxe5 $2 {too greedy.} 16. Bd7+ Kd8 17. Nc4 $18) 16. Qh4 Nxe6 $19) 15... Nxe5 16. Nxe5 Qxe5 17. Bd2 Qf5 (17... Rd8 {is more complex.} 18. Rad1 Rf5 19. Bxf4 Rxf4 20. Rxd8+ Kxd8 21. Qd1+ Ke8) 18. Qxf4 Qxf4 19. Bxf4 Rxf4 20. Bxe6 Bxb2 21. Rab1 Rb4 22. Rfd1 Rb6 23. Bb3 {[%emt 0:00:30] The position is equal.} Be5 24. Ba4+ Kf8 25. Rxb6 axb6 $11 {[%emt 0:00:30][%mdl 4096] Endgame. KRB-KRB} 26. Bb3 Rc8 27. g3 Kg7 28. Rd7 Bd6 29. Rxb7 Bc5 30. Rd7 Rf8 31. Rd2 {[%emt 0:00:09] Weighted Error Value: White=0.05 (flawless) /Black=0.04 (flawless) .  Inaccurate:     	White=2     	---        OK:         	White=13    	Black=8      Best:        	White=1     	---} 1/2-1/2

[Event "50th La Roda Open 2024"]
[Site "La Roda"]
[Date "2024.03.29"]
[Round "5.6"]
[White "Elias Reyes, Jorge Roberto"]
[Black "Jarque Megias, Juan Jose"]
[Result "1-0"]
[ECO "B92"]
[WhiteElo "2473"]
[BlackElo "2048"]
[Annotator "TA"]
[PlyCount "115"]
[EventDate "2024.03.27"]
[EventType "swiss"]
[EventCountry "ESP"]
[SourceTitle "playchess.com"]
[Source "ChessBase"]
[SourceQuality "1"]
[TimeControl "5400+30"]

1. e4 c5 2. Nf3 d6 3. d4 cxd4 4. Nxd4 Nf6 5. Nc3 a6 6. Be2 e5 7. Nb3 Be7 8. Be3 Be6 9. Nd5 Bxd5 10. exd5 O-O 11. g4 Nbd7 {[%emt 0:02:58] The position is equal.} 12. Qd3 (12. h4 $14) 12... b5 {[%emt 0:02:52] [#]} (12... Nb6 $1 $11) 13. g5 $1 $16 Ne8 14. h4 $36 {[%emt 0:00:02][%cal Bh2h4,Bh4h5,Bh5g6,Bg6h7][%mdl 2080] Keeping Black busy.} Nc5 15. Nxc5 dxc5 16. Qf5 Qd6 ({Better is} 16... Bd6) 17. O-O-O {[%emt 0:15:34] h5 would now be deadly.} c4 18. h5 {[%emt 0:12:07] aiming for Bf3. White has more active pieces. The black rooks are passive.} Rd8 19. Kb1 Nc7 (19... f6 $16) 20. Bf3 $18 {[%emt 0:00:28] Be4 is the strong threat.} b4 $2 (20... Qd7 21. Qxe5 Rfe8) 21. Be4 {[%emt 0:04:59][%csl Ge4][%cal Rf5h7] This pair of bishops is nice.} g6 22. Qh3 {[%emt 0:00:13] hxg6 would kill now.} Qd7 23. hxg6 Qxh3 24. gxh7+ (24. Rxh3 fxg6 25. Bb6 Bd6 26. Bxc7 Bxc7 $11) 24... Kh8 25. Rxh3 Ne6 26. Rg1 Nf4 27. Bxf4 exf4 28. Rh4 Bd6 29. g6 fxg6 30. Rxg6 f3 31. Kc1 Bc5 32. Rh2 (32. Rxa6 Bxf2 33. Rh1 Bd4 $14) 32... a5 33. Kd2 Bd4 (33... Rf4 {was necessary.} 34. Re6 a4) 34. c3 Be5 {[%emt 0:00:00] Threatens to win with ...Bf4+.} 35. Rh3 Bf4+ 36. Kd1 Be5 37. Kc2 Rf4 38. Bxf3 Rdf8 {[%emt 0:00:00] [#]} 39. Kd2 $1 R4f7 (39... Rxf3 $2 {is the wrong capture.} 40. Rg8+ Rxg8 41. hxg8=Q+ (41. Rxf3 $2 Kxh7 42. Rf5 Re8 $19) (41. hxg8=R+ Kxg8 42. Rxf3 Kh7 $18) 41... Kxg8 42. Rxf3 $18) 40. d6 {[%emt 0:03:04][%cal Og6g8] Hoping for Rg8+!} Rf6 41. Rxf6 Rxf6 {[%emt 0:00:09][%mdl 4096] Endgame. KRB-KRB} 42. Be4 Rxd6+ 43. Ke2 Rb6 (43... bxc3 {was worth a try.} 44. bxc3 Bg7) 44. Rh5 Re6 45. f3 Re8 46. Kd2 {[%emt 0:01:01] Strongly threatening Kc2.} Re7 $2 (46... Bf4+ {might work better.} 47. Kc2 Rd8) 47. Rf5 Re8 {[%emt 0:00:36] Prevents Rf8+} 48. Kc2 Kg7 49. Rg5+ Kh8 50. Rg6 Rd8 51. Rc6 Kg7 52. cxb4 axb4 53. Rxc4 Rb8 54. Kb3 Bd6 55. Rd4 Be7 (55... Bf8 $142 56. Bg6 (56. Rd7+ Kh8 $18) 56... Bc5) 56. Rd7 Kf6 57. Bd5 {[%emt 0:00:29][%cal Od7e7] Threatening mate with Rxe7!} Ke5 58. f4+ {[%emt 0:02:53] Weighted Error Value: White=0.23 (precise) /Black=0.39.  Mistake:       	White=1     	Black=8      Inaccurate:     	White=2     	Black=2      OK:         	White=24    	Black=15     Best:        	White=1     	Black=4      Strong:       	White=1     	---} 1-0